 Dungeon Crawl Stone Soup version 0.26.1-11-gd32895ea62 (webtiles) character file.

Game seed: 15193885644916890191

72 buriedalive the Chiller (level 4, -4/24 HPs)
             Began as a Deep Elf Ice Elementalist on July 21, 2021.
             Killed by divine providence
             ... invoked by an orc priest
              (13 damage)
             ... on level 3 of the Dungeon.
             The game lasted 00:03:03 (2743 turns).

buriedalive the Chiller (Deep Elf Ice Elementalist) Turns: 2743, Time: 00:03:04

Health: -4/24      AC:  3    Str:  5    XL:     4   Next: 7%
Magic:  5/10       EV: 14    Int: 21    God:
Gold:   98         SH:  0    Dex: 15    Spells: 2/9 levels left

rFire    . . .     SeeInvis .   g - +0 dagger
rCold    . . .     Faith    .   (no shield)
rNeg     . . .     Spirit   .   a - +0 robe
rPois    .         Reflect  .   (no helmet)
rElec    .         Harm     .   m - +0 cloak
rCorr    .         Rampage  .   (no gloves)
Will     .....                  (no boots)
Stlth    ++........             (no amulet)
HPRegen  0.08/turn              (no ring)
MPRegen  0.12/turn              (no ring)

@: frozen ramparts, very slightly contaminated
A: no striking features
a: no special abilities


You were on level 3 of the Dungeon.
You visited 1 branch of the dungeon, and saw 3 of its levels.

You collected 98 gold pieces.

Inventory:

Hand Weapons
 g - a +0 dagger (weapon)
Missiles
 h - 20 poisoned darts
 i - 87 stones
Armour
 a - a +0 robe (worn)
 m - a +0 cloak (worn)
Scrolls
 b - 2 scrolls of fear {unknown}
 c - a scroll of remove curse {unknown}
 e - 2 scrolls of identify {unknown}
 j - 3 scrolls of immolation {unknown}
 k - a scroll of random uselessness {unknown}
 o - a scroll of blinking {unknown}
Potions
 d - a potion of lignification {unknown}
 f - a potion of attraction {unknown}
 l - a potion of curing {unknown}
 n - 2 potions of brilliance {unknown}
 p - 2 potions of flight {unknown}


   Skills:
 + Level 4.1 Dodging
 - Level 2.4 Stealth
 - Level 3.0 Spellcasting
 + Level 5.3 Ice Magic


You had 2 spell levels left.
You knew the following spells:

 Your Spells              Type           Power        Failure   Level
a - Freeze                Ice            100%         1%          1
b - Frozen Ramparts       Ice            50%          4%          3
c - Ozocubu's Armour      Ice            25%          4%          3

Your spell library contained the following spells:

 Spells                   Type           Power        Failure   Level
 Confusing Touch          Hex            3%           36%         3
 Gell's Gravitas          Tloc           1%           36%         3
 Hailstorm                Conj/Ice       14%          41%         4
 Summon Ice Beast         Ice/Summ       14%          41%         4
 Metabolic Englaciation   Hex/Ice        7%           77%         5
 Petrify                  Tmut/Erth      3%           78%         4
 Yara's Violent Unravell  Hex/Tmut       1%           98%         5


Dungeon Overview and Level Annotations

Branches:
Dungeon (3/15)

Altars:
The Shining One


Message History

You kill the goblin!
The orc throws a boomerang.
The boomerang hits you.
The weapon returns to the orc!
Casting: Freeze (safe; 1% risk of failure)
Confirm with . or Enter, or press ? or * to list all spells.
The spell is quite dangerous to cast (4% risk of failure)!
Continue anyway?
Casting: Frozen Ramparts (quite dangerous; 4% risk of failure)
Press: ? - help, Dir - look around, f - activate The walls around you are covered in ice.
The wall freezes the orc.
The orc throws a boomerang.
The boomerang hits you.
The weapon returns to the orc!
The wall freezes the orc!
You kill the orc!
The orc priest calls upon Beogh to heal the orc.
The orc's wounds heal themselves!
The wall freezes the orc.
The orc throws a boomerang.
The boomerang hits you.
The weapon returns to the orc!
The orc priest calls down the wrath of Beogh upon you.
Beogh smites you!
Ouch! That really hurt!
You die...

#######.###########
...................
#######.########### #.# #.# ##
#.# #. #.# #. ############.#
#. .ooo)o)@..##.# #.
#########.##.# #. ..##.#..#
#####. ########.##.#.## #.....
#......#.......# #.####
#.##.####.#.......# #.#
.......<..#.......######.####
.>................'รท.........
...#..<...#.......######.....


You could see 2 orc priests and 2 orcs.

Vanquished Creatures
  2 adders
  3 oozes (D:2)
  A worm (D:2)
  3 dart slugs
  A leopard gecko (D:3)
  An orc (D:3)
  3 bats (D:3)
  2 giant cockroaches (D:2)
  A goblin (D:3)
  5 hobgoblins
  A quokka (D:2)
  2 frilled lizards
  6 kobolds
  3 rats
34 creatures vanquished.

Notes
Turn   | Place    | Note
-------+----------+-------------------------------------------
     0 | D:1      | buriedalive the Deep Elf Ice Elementalist began the quest
                  | for the Orb.
     0 | D:1      | Reached XP level 1. HP: 10/10 MP: 6/6
   318 | D:1      | Reached XP level 2. HP: 15/15 MP: 5/8
   884 | D:2      | Found a faded altar of an unknown god.
  1318 | D:2      | Found a glowing golden altar of the Shining One.
  1640 | D:2      | Reached skill level 5 in Ice Magic
  1640 | D:2      | Reached XP level 3. HP: 19/19 MP: 6/9
  1850 | D:2      | Learned a level 3 spell: Frozen Ramparts
  1854 | D:2      | Learned a level 3 spell: Ozocubu's Armour
  2563 | D:3      | Reached XP level 4. HP: 23/24 MP: 8/10
  2743 | D:3      | Killed from afar by an orc priest

Illustrated notes

Levels and vault maps discovered:
D:1:      enne_arrival_octagon_isle, layout_basic
D:2:      layout_basic, tso_metal_star, chequers_ecumenical_altar_simple,
          minmay_statues_item
D:3:      layout_basic

Skill      XL: |  1  2  3 |
---------------+----------+-----
Dodging        | 3 4 |  4.1
Ice Magic      | 5 |  5.3
Stealth        | |  2.4
Spellcasting   | |  3.0

Action                   |  1- 3 |  4- 6 || total
-------------------------+-------+-------++-------
Melee: Unarmed           |     4 |       ||     4
       Dagger            |    25 |     3 ||    28
 Cast: Freeze            |    43 |     3 ||    46
       Frozen Ramparts   |       |     1 ||     1
 Stab: Sleeping          |     5 |       ||     5
Armor: Robe              |     5 |     1 ||     6
Dodge: Dodged            |    44 |     3 ||    47
